 Dungeon Crawl Stone Soup version 0.16-a0-282-ga87e286 (webtiles) character file.

1204 Ratboiler the Twirler (level 8, -1/42 HPs)
             Began as a Vine Stalker Gladiator on Aug 27, 2014.
             Slain by an orc warrior
             ... wielding a +0 trident
              (10 damage)
             ... on Level 6 of the Dungeon.
             The game lasted 00:12:03 (3927 turns).

Ratboiler the Twirler (Vine Stalker Gladiator)      Turns: 3927, Time: 00:12:03

HP  -1/42        AC  6     Str 18      XL: 8   Next: 45%
MP   0/20        EV 12     Int  8      God:
Gold 369         SH  0     Dex 17      Spells:  0 memorised,  7 levels left

rFire  . . .     SeeInvis .     C - +2 mace (crush)
rCold  . . .     Clarity  .     z - +0 ring mail (curse)
rNeg   . . .     rCorr    .     (no shield)
rPois  .         rRot     +     c - +0 helmet
rElec  .         Spirit   +     (no cloak)
SustAb .         Warding  .     (no gloves)
rMut   .         Stasis   .     (no boots)
Gourm  .                        (no amulet)
MR     +....                    (no ring)
                                k - ring of magical power

@: somewhat resistant to hostile enchantments, very unstealthy
A: fangs 3, regeneration 2, magic shield, antimagic bite, no device heal 3, rot
immunity
a: no special abilities


You were on level 6 of the Dungeon.
You were not hungry.

You visited 1 branch of the dungeon, and saw 6 of its levels.

You collected 369 gold pieces.

Inventory:

Hand weapons
 a - a +0 quarterstaff
 x - a +3 trident of freezing
 C - a +2 mace of crushing (weapon)
Missiles
 d - 3 throwing nets (quivered)
Armour
 b - a +0 leather armour
 c - a +0 helmet (worn)
 j - a +0 ring mail
 z - a cursed +0 ring mail (worn)
Magical devices
 G - a wand of paralysis (14)
Comestibles
 f - 7 bread rations
 h - 7 meat rations
 B - 2 rotting chunks of hobgoblin flesh
 E - a beef jerky
 H - a royal jelly
Scrolls
 g - 12 scrolls of identify {unknown}
 i - 2 scrolls of enchant weapon {unknown}
 l - a scroll of amnesia {unknown}
 m - 3 scrolls of remove curse {unknown}
 n - a scroll of random uselessness {unknown}
 q - 3 scrolls of recharging {unknown}
 s - 2 scrolls of immolation {unknown}
 u - 2 scrolls of magic mapping {unknown}
 v - 2 scrolls of fear {unknown}
 y - 2 scrolls of teleportation {unknown}
 D - 2 scrolls of blinking {unknown}
 F - a scroll of enchant armour {unknown}
Jewellery
 k - a ring of magical power (left hand)
 w - a cursed ring of protection from cold {unknown}
Potions
 e - a potion of might {unknown}
 o - a potion of agility {unknown}
 p - a potion of mutation {unknown}
 r - 2 potions of poison {unknown}
 t - 2 potions of brilliance {unknown}
 A - 2 potions of curing {unknown}
Books
 I - Uwimaukh's Arcane Arts, Part One
   (You found it on level 6 of the Dungeon)

   Spells                             Type                      Level
   Infusion                           Charms                       1
   Magic Dart                         Conjuration                  1
   Flame Tongue                       Conjuration/Fire             1
   Summon Small Mammal                Summoning                    1
   Beastly Appendage                  Transmutation                1


   Skills:
 + Level 4.2 Fighting
 * Level 6.2 Staves
 - Level 1.7 Throwing
 + Level 3.4 Armour
 + Level 4.4 Dodging


You had 7 spell levels left.
You didn't know any spells.

Dungeon Overview and Level Annotations

Branches:
Dungeon (6/15)
 Temple: D:4-7

Altars:
Zin

Annotations:
D:2 Sigmund


Innate Abilities, Weirdness & Mutations

You have razor-sharp teeth.
You heal very quickly.
When hurt, damage is shared between your health and your magic reserves.
Your bite disrupts and absorbs the magic of your enemies.
Potions and wands cannot restore your health.
You are immune to rotting.


Message History

The orc warrior hits you from afar with a trident!
* * * LOW HITPOINT WARNING * * *
The orc warrior barely misses you.
You see here a club.
You closely miss the orc warrior. The orc warrior closely misses you.
You closely miss the orc warrior. Your bite misses the orc warrior.
The orc warrior barely misses you.
You closely miss the orc warrior. The orc warrior closely misses you.
You hit the orc warrior but do no damage.
Your bite misses the orc warrior. The orc warrior completely misses you.
You hit the orc warrior. You bite the orc warrior. You drain its power.
You feel invigorated.
The orc warrior is moderately wounded.
The orc warrior hits you with a trident!!
* * * LOW HITPOINT WARNING * * *
You hit the orc warrior but do no damage.
The orc warrior is moderately wounded.
The orc warrior closely misses you.
The orc warrior hits you from afar with a trident!
You die...

########
......#
#.#^#..#
#.^?^.o#
##.#^#))#
#.....)@#####
.............##
.####....)...##
#######...#
##..## ###.##
##.###
##..######
#.......#


You could see an orc warrior.

Vanquished Creatures
  Eustachio (D:6)
  An ice beast (D:5)
  A phantom (D:4)
  3 centaurs (D:5)
  2 scorpions
  3 wights (D:5)
  2 hounds (D:4)
  An orc priest (D:5)
  A centaur zombie (D:5)
  A worker ant (D:6)
  An orc wizard (D:5)
  10 adders
  An inept item mimic (D:2)
  3 worms (D:3)
  2 giant geckos (D:2)
  6 orcs
  14 bats
  A bat skeleton (D:5)
  3 giant cockroaches
  14 hobgoblins
  18 jackals
  9 kobolds
  A quokka (D:4)
  3 giant newts
  18 goblins
  A goblin skeleton (D:5)
  A kobold skeleton (D:4)
  7 rats
129 creatures vanquished.

Notes
Turn   | Place    | Note
--------------------------------------------------------------
     0 | D:1      | Ratboiler, the Vine Stalker Gladiator, began the quest for the Orb.
     0 | D:1      | Reached XP level 1. HP: 11/11 MP: 1/1
    88 | D:1      | Reached XP level 2. HP: 15/15 MP: 3/3
   206 | D:1      | Reached skill level 3 in Staves
   357 | D:1      | Reached XP level 3. HP: 16/18 MP: 4/4
   594 | D:2      | Reached skill level 1 in Armour
   595 | D:2      | Noticed Sigmund
   783 | D:2      | Reached XP level 4. HP: 23/23 MP: 5/5
  1197 | D:3      | Reached XP level 5. HP: 18/27 MP: 7/7
  1425 | D:3      | Reached skill level 4 in Staves
  2042 | D:4      | Gained mutation: You heal very quickly. [vine stalker growth]
  2042 | D:4      | Reached XP level 6. HP: 28/32 MP: 8/8
  2216 | D:4      | Noticed a phantom
  2238 | D:4      | Killed a phantom
  2805 | D:5      | Entered Level 5 of the Dungeon
  2862 | D:5      | Reached XP level 7. HP: 23/36 MP: 9/9
  2901 | D:5      | Reached skill level 5 in Staves
  3355 | D:5      | Gained mutation: You have razor-sharp teeth. [vine stalker growth]
  3355 | D:5      | Reached XP level 8. HP: 28/42 MP: 11/11
  3444 | D:5      | Found a glowing silver altar of Zin.
  3772 | D:6      | Reached skill level 6 in Staves
  3813 | D:6      | Noticed Eustachio
  3825 | D:6      | Killed Eustachio
  3907 | D:6      | Identified Uwimaukh's Arcane Arts, Part One (You found it on level 6 of the Dungeon)
  3927 | D:6      | Slain by an orc warrior

Action                   |  1- 3 |  4- 6 |  7- 9 || total
-------------------------+-------+-------+-------++-------
Melee: Quarterstaff      |    94 |   194 |    11 ||   299
       Trident           |       |       |    33 ||    33
       Mace              |       |       |    66 ||    66
Evoke: Wand              |       |       |     1 ||     1
  Eat: Chunk             |       |     6 |     4 ||    10
